 Dungeon Crawl Stone Soup version 0.23-a0-180-ga5275e7 (webtiles) character file.

348 Amnesiac the Skirmisher (level 6, -3/51 HPs)
             Began as a Mummy Monk on Sept 18, 2018.
             Slain by a big kobold
             ... wielding a +0 whip of distortion
              (24 damage)
             ... on level 4 of the Dungeon.
             The game lasted 00:03:32 (2048 turns).

Amnesiac the Skirmisher (Mummy Monk)                Turns: 2048, Time: 00:03:32

Health: -3/51      AC:  3    Str: 15    XL:     6   Next: 33%
Magic:  6/10       EV: 14    Int: 11    God:
Gold:   154        SH:  0    Dex: 14    Spells: 10/10 levels left

rFire    x . .     SeeInvis .   a - +3 arbalest (velocity)
rCold    + . .     Gourm    .   (shield currently unavailable)
rNeg     + + +     Faith    .   m - +0 leather armour (curse)
rPois    ∞         Spirit   .   (no helmet)
rElec    .         Reflect  .   (no cloak)
rCorr    .         Harm     .   (no gloves)
MR       .....                  (no boots)
Stlth    ++........             (no amulet)
HPRegen  0.17/turn              (no ring)
MPRegen  0.12/turn              (no ring)

@: no status effects
A: no food or potions, fire vulnerability, cold resistance 1, negative energy
resistance 3, torment resistance, unbreathing
a: no special abilities


You were on level 4 of the Dungeon.
You were not hungry.

You visited 1 branch of the dungeon, and saw 4 of its levels.

You collected 154 gold pieces.

Inventory:

Hand Weapons
 a - a +3 arbalest of velocity (weapon)
 b - a +1 dagger of venom
 i - a +0 spear
Missiles
 k - 34 bolts (quivered)
Armour
 f - a +0 scale mail
 m - a cursed +0 leather armour (worn)
Wands
 g - a wand of paralysis (6)
 l - a wand of polymorph (9)
Scrolls
 c - a scroll of blinking {!r, unknown}
 d - a scroll of remove curse {!r, unknown}
 e - a scroll of identify {!r, unknown}
 h - a scroll of amnesia {!r, unknown}
 j - a scroll of teleportation {!r, unknown}


   Skills:
 - Level 5.1 Fighting
 - Level 2.4 Polearms
 + Level 4.3 Dodging
 - Level 1.5 Stealth
 * Level 2.7 Spellcasting


You had 10 spell levels left.
You didn't know any spells.
Your spell library was empty.

Dungeon Overview and Level Annotations

Branches:
Dungeon (4/15)
 Temple: D:4-7

Altars:
Ashenzari


Innate Abilities, Weirdness & Mutations

You do not eat or drink.
Your flesh is vulnerable to fire.
You are immune to poison.
Your flesh is cold resistant. (rC+)
You are immune to negative energy. (rN+++)
You are immune to unholy pain and torment.
You can survive without breathing.


Message History

Derval's ghost screams, "They lied to you.
The Dungeon just goes down and down Firing (i - inventory)
k - 41 bolts (quivered)
Press: ? - help, Shift-Dir - straight line, f - derval's ghost
Aim: derval's ghost, wielding a weapon of venom You shoot a bolt.
The bolt closely misses derval's ghost.
The bolt hits the big kobold!
The big kobold is severely wounded.
Derval's ghost closely misses you. Derval's ghost barely misses you.
Firing (i - inventory)
k - 40 bolts (quivered)
Press: ? - help, Shift-Dir - straight line, f - big kobold, p - derval's ghost
Aim: a big kobold, wielding a whip of distortion (severely wounded)
You shoot a bolt. The bolt hits derval's ghost!!
Derval's ghost is severely damaged.
Derval's ghost hits you. Derval's ghost closely misses you.
Firing (i - inventory)
k - 39 bolts (quivered)
Press: ? - help, Shift-Dir - straight line, f/p - big kobold
Aim: a big kobold, wielding a whip of distortion (severely wounded)
You shoot a bolt. The bolt hits derval's ghost!
Derval's ghost is almost destroyed.
Derval's ghost says, "Don't worry, I won't let your corpse go to waste."
Derval's ghost hits you. x2
Unknown command.
Firing (i - inventory)
k - 38 bolts (quivered)
Press: ? - help, Shift-Dir - straight line, f/p - big kobold
Aim: a big kobold, wielding a whip of distortion (severely wounded)
You shoot a bolt. The bolt misses derval's ghost.
The bolt completely misses the big kobold.
The bolt hits the kobold!!
You kill the kobold!
Derval's ghost hits you.
Derval's ghost hits you but does no damage.
Unknown command.
Firing (i - inventory)
k - 37 bolts (quivered)
Press: ? - help, Shift-Dir - straight line, f/p - big kobold
Aim: a big kobold, wielding a whip of distortion (severely wounded)
You shoot a bolt. The bolt misses derval's ghost.
The bolt closely misses the big kobold.
The bolt hits the kobold!!
You kill the kobold!
Derval's ghost hits you. x2
* * * LOW HITPOINT WARNING * * *
Unknown command.
Firing (i - inventory)
k - 36 bolts (quivered)
Press: ? - help, Shift-Dir - straight line, f/p - big kobold
Aim: a big kobold, wielding a whip of distortion (severely wounded)
You shoot a bolt. The bolt hits derval's ghost!
You destroy derval's ghost!
Training target 5.0 for Fighting reached!
Your Fighting skill increases to level 5!
Your Spellcasting skill increases to level 2!
You have reached level 6!
Your experience leads to an increase in your attributes!
Increase (S)trength, (I)ntelligence, or (D)exterity?
You feel clever.
Firing (i - inventory)
k - 35 bolts (quivered)
Press: ? - help, Shift-Dir - straight line, f/p - big kobold
Aim: a big kobold, wielding a whip of distortion (severely wounded)
You shoot a bolt. The bolt barely misses the big kobold.
The bolt hits the kobold!!
You kill the kobold!
The big kobold misses you.
The big kobold hits you with a whip of distortion.
* * * LOW HITPOINT WARNING * * *
Space warps horribly around you!
You die...

#≈.#.#.≈# #.# #⌠.#.#.⌠#
#.# # #≈.#.#.≈# #.# #
###.....####.## #
#.##'''##.#...######
#..K............>...
###KK..........##...
#K#######..#.##.#. #@#
#..#.##.#. #.#
#.......#. #####.#
##'#.####. ###.....#
##......... #......##
##.....##### #.#.##.##
##.......## #
#.#.....####.........###
#.#.#......'.........'..
#..###..####.........###


You could see a big kobold and 3 kobolds.

Vanquished Creatures
  The ghost of derval the Grave Robber, an amateur DsNe (D:4)
  An ogre (D:4)
  Ijyb (D:4)
  Natasha (thrice) (D:3)
  An adder (D:4)
  A dart slug (D:1)
  2 orcs
  A giant cockroach (D:3)
  5 goblins
  3 hobgoblins
  6 jackals
  A quokka (D:3)
  3 bats
  3 frilled lizards
  6 kobolds
  A rat (D:3)
39 creatures vanquished.

Vanquished Creatures (others)
  3 fungi (D:4)
  A plant (D:4)
4 creatures vanquished.

Grand Total: 43 creatures vanquished

Notes
Turn   | Place    | Note
-------+----------+-------------------------------------------
     0 | D:1      | Amnesiac the Mummy Monk began the quest for the Orb.
     0 | D:1      | Reached XP level 1. HP: 18/18 MP: 1/1
   150 | D:2      | Reached XP level 2. HP: 21/24 MP: 2/2
   169 | D:2      | Found a shattered altar of Ashenzari.
   286 | D:3      | Noticed Natasha
   307 | D:3      | Killed Natasha
   307 | D:3      | Reached XP level 3. HP: 5/29 MP: 3/3
   317 | D:3      | Noticed Natasha
   572 | D:3      | Killed Natasha
   845 | D:3      | Reached XP level 4. HP: 35/35 MP: 4/4
   981 | D:4      | Noticed Ijyb
   983 | D:4      | Paralysed by Ijyb for 4 turns
  1005 | D:4      | Killed Ijyb
  1275 | D:4      | Found a runed gate.
  1276 | D:4      | Found a runed gate.
  1492 | D:4      | Noticed an ogre
  1501 | D:4      | Killed an ogre
  1501 | D:4      | Reached skill level 4 in Fighting
  1501 | D:4      | Reached XP level 5. HP: 43/43 MP: 5/5
  1562 | D:3      | Noticed Natasha
  1565 | D:3      | Killed Natasha
  1565 | D:3      | Reached skill level 1 in Spellcasting
  1776 | D:4      | Noticed derval's ghost (amateur DsNe)
  1777 | D:4      | Found a runed gate.
  2047 | D:4      | Killed derval's ghost
  2047 | D:4      | Reached skill level 5 in Fighting
  2047 | D:4      | Reached XP level 6. HP: 24/51 MP: 6/10
  2048 | D:4      | Slain by a big kobold

Vault maps used:
D:1:      lightli_arrival_windingriver, hex_intersection
D:2:      cheibrodos_pilgrimage, ashenzari_conservatory_becter
D:3:      lemuel_blue_sif_altar, uniq_natasha
D:4:      gammafunk_ghost_nasty_kobolds, uniq_ijyb

Skill      XL: |  1  2  3  4  5 |
---------------+----------------+-----
Dodging        | 3 4 |  4.3
Fighting       | 4 5 |  5.1
Spellcasting   | 2 |  2.7
Polearms       | |  2.4
Stealth        | |  1.5

Action                   |  1- 3 |  4- 6 || total
-------------------------+-------+-------++-------
Melee: Spear             |    15 |       ||    15
       Dagger            |    44 |    63 ||   107
 Fire: Arbalest          |       |    10 ||    10
  Use: Scroll            |       |     2 ||     2
 Stab: Sleeping          |     3 |       ||     3
Armor: Robe              |     3 |       ||     3
       Scale mail        |       |    15 ||    15
       Leather armour    |       |     2 ||     2
Dodge: Dodged            |    22 |    48 ||    70

Table legend:
 A = Non-vault XP
 B = Vault XP
 C = Vault XP percentage of total XP
 D = Non-vault monster count
 E = Vault monster count
 F = Vault count percentage of total count
                 A         B        C        D         E       F
            +---------+---------+-------+---------+---------+-------
      Total |     248 |     250 |  50.2 |      33 |       6 |  15.4
            +---------+---------+-------+---------+---------+-------
        D:1 |      10 |       0 |   0.0 |       6 |       0 |   0.0
        D:2 |      14 |       0 |   0.0 |       7 |       0 |   0.0
        D:3 |      89 |      35 |  28.2 |      13 |       1 |   7.1
        D:4 |     135 |     215 |  61.4 |       7 |       5 |  41.7
            +---------+---------+-------+---------+---------+-------
